 Dungeon Crawl Stone Soup version 0.29.1-2-gbd0b4ee654 (webtiles) character file.

Game seed: 11094714733983983515

4685 mopl the Poker (level 10, -3/82 HPs)
             Began as a Palentonga Berserker on Oct 26, 2022.
             Was a Priest of Trog.
             Slain by a gnoll sergeant
             ... wielding a +0 glaive
              (18 damage)
             ... in a bailey.
             The game lasted 00:14:05 (9202 turns).

mopl the Poker (Palentonga Berserker)               Turns: 9202, Time: 00:14:06

Health: -3/82      AC: 20    Str: 23    XL:     10   Next: 21%
Magic:  19/19      EV:  7    Int:  8    God:    Trog [***...]
Gold:   430        SH:  0    Dex: 13    Spells: 9/9 levels left

rFire   . . .      SeeInvis +   a - +3 spear
rCold   . . .      Faith    .   (no shield)
rNeg    . . .      Spirit   .   c - +0 chain mail
rPois   .          Reflect  .   (no helmet)
rElec   .          Harm     .   D - +2 cloak
rCorr   .          Rampage  .   k - +0 pair of gloves
Will    +....                   (no barding)
Stlth   ..........              (no amulet)
HPRegen 0.23/turn               B - ring of magical power
MPRegen 0.16/turn               H - ring of willpower

@: on berserk cooldown, slowed, curled up, very slow
A: large, rugged brown scales 3, see invisible, deformed body, roll 1, armoured
tail, reflexive curl
a: Rolling Charge, Renounce Religion, Berserk, Trog's Hand


You were in a bailey.
You worshipped Trog.
Trog was most pleased with you.
You visited 1 branch of the dungeon, and saw 7 of its levels.
You also visited: Ossuary and Bailey.

You collected 430 gold pieces.

Inventory:

Hand Weapons
 a - a +3 spear (weapon)
 r - a +0 bardiche
 G - a +1 hand axe of flaming
Missiles
 b - 10 javelins (quivered)
 d - 23 poisoned darts
 v - 8 boomerangs
Armour
 c - a +0 chain mail (worn)
 k - a +0 pair of gloves (worn)
 A - a +0 crystal plate armour
 D - a +2 cloak (worn)
Jewellery
 B - a ring of magical power (left hand)
 H - a ring of willpower (right hand)
Wands
 m - a wand of digging (6)
 x - a wand of polymorph (11)
Scrolls
 f - 2 scrolls of vulnerability {unknown}
 g - a scroll of torment {unknown}
 j - a scroll of brand weapon {unknown}
 n - 5 scrolls of immolation
 o - a scroll of magic mapping {unknown}
 q - 6 scrolls of teleportation {unknown}
 s - 2 scrolls of noise {unknown}
 w - a scroll of enchant weapon {unknown}
 y - 2 scrolls of blinking {unknown}
 C - a scroll of enchant armour {unknown}
 E - a scroll of fog {unknown}
 F - a scroll of poison {unknown}
Potions
 e - 2 potions of resistance
 h - 3 potions of flight {unknown}
 i - 2 potions of invisibility
 l - 5 potions of curing {unknown}
 t - 3 potions of degeneration
 u - 3 potions of might
 z - 2 potions of magic


   Skills:
 + Level 6.5 Fighting
 * Level 7.9 Polearms
 + Level 4.1 Throwing
 + Level 4.8 Armour
 + Level 4.9 Dodging
 + Level 4.9 Evocations


You had 9 spell levels left.
You didn't know any spells.
Your spell library was empty.

Dungeon Overview and Level Annotations

Branches:
Dungeon (7/15)             Temple (0/1) D:5         Ossuary (visited)
 Bailey (1/1)

Altars:
Sif Muna
Yredelemnul
Lugonu

Shops:
D:2 [   D:3 :

Portals:
Abyss: D:5


Innate Abilities, Weirdness & Mutations

You are completely covered in rugged brown scales. (AC +3, +7% HP)
You have supernaturally acute eyesight. (SInv)
Armour fits poorly on your strangely shaped body.
You can roll at nearby foes to attack.
You have a long armoured tail.
You curl defensively after being hit. (AC +7*)


Message History

Unknown command.
Throw: 2 throwing nets
Press: ? - help, Q - select action, (/) - cycle Shift-Dir - straight line, f/p - gnoll sergeant
Aim: a gnoll sergeant, wielding a +0 glaive, wearing a +0 chain mail and wearing a ring of fire (lightly wounded, very poisoned, 73% to hit)
You throw a throwing net.
The throwing net closely misses the gnoll sergeant.
The gnoll sergeant hits you with a +0 glaive!
* * * LOW HITPOINT WARNING * * *
The gnoll sergeant completely misses you.
Throw: throwing net
Press: ? - help, Q - select action, (/) - cycle Shift-Dir - straight line, f/p - gnoll sergeant
Aim: a gnoll sergeant, wielding a +0 glaive, wearing a +0 chain mail and wearing a ring of fire (lightly wounded, very poisoned, 73% to hit)
You throw a throwing net.
The throwing net hits the gnoll sergeant.
The gnoll sergeant is caught in the net!
The gnoll sergeant is lightly wounded.
The gnoll sergeant struggles against the net.
You catch the helpless gnoll sergeant completely off-guard!
You hit the gnoll sergeant but do no damage.
The gnoll sergeant is lightly wounded.
The gnoll sergeant struggles against the net.
You hit the gnoll sergeant.
The gnoll sergeant is heavily wounded.
The gnoll sergeant struggles against the net.
You catch the helpless gnoll sergeant completely off-guard!
You hit the gnoll sergeant but do no damage.
The gnoll sergeant is heavily wounded.
The gnoll sergeant struggles against the net.
You hit the gnoll sergeant but do no damage.
You tail-slap the gnoll sergeant, but do no damage.
The gnoll sergeant is heavily wounded.
The gnoll sergeant struggles against the net.
The net rips apart, and the gnoll sergeant comes free!
You barely miss the gnoll sergeant.
The gnoll sergeant is severely wounded.
The gnoll sergeant barely misses you.
You hit the gnoll sergeant.
The gnoll sergeant is severely wounded.
The gnoll sergeant hits you with a +0 glaive!!
You die...

### ♣∩♣ ♣@♣ ♣♣g♣♣
♣♣♣♣.).♣♣
♣♣....(..♣♣♣♣
♣♣♣...........♣♣♣
♣♣...............♣♣
♣♣≈≈≈≈≈≈≈.(.≈≈≈≈≈≈≈♣♣
♣≈≈.......(.......≈≈♣
♣≈.................≈♣


You could see a gnoll sergeant (poisoned).

Vanquished Creatures
  Grinder (D:3)
  A water moccasin (D:7)
  A sky beast (D:6)
  2 orc warriors
  A black bear (D:6)
  3 ogres
  4 wolves (Bailey)
  A centaur (D:7)
  4 phantoms
  2 kobold brigands (D:6)
  A bullfrog (D:7)
  A wyvern zombie (D:6)
  3 necrophages (D:6)
  5 gnoll sergeants (Bailey)
  7 scorpions
  A wight (D:6)
  A water moccasin skeleton (D:6)
  4 killer bees (D:5)
  3 howler monkeys
  The ghost of raistware the Conjurer, a weakling OpCj (D:3)
  A bullfrog zombie (D:6)
  4 centaur zombies
  A jelly (D:6)
  4 gnoll boudas (Bailey)
  A human zombie (Ossuary)
  5 orc priests
  8 hounds
  A bullfrog skeleton (D:6)
  6 iguanas
  2 orc wizards (D:3)
  Natasha (thrice) (D:2)
  3 scorpion zombies (Ossuary)
  2 killer bee zombies (D:6)
  3 mummies (Ossuary)
  10 gnolls
  5 adders
  3 shadow imps
  2 white imps
  An ufetubus (D:5)
  A worm zombie (D:4)
  3 worms
  A dart slug (D:4)
  25 orcs
  7 bats
  2 endoplasms
  A giant cockroach (D:4)
  4 gnoll zombies (Ossuary)
  6 goblins
  10 hobgoblins
  4 jackals (D:2)
  2 quokkas
  4 ball pythons
  3 frilled lizards
  14 kobolds
  A kobold zombie (Ossuary)
  2 rats (D:1)
  A rat zombie (D:4)
  2 lurking horrors (D:5)
205 creatures vanquished.

Vanquished Creatures (others)
  A withered plant (D:6)
1 creature vanquished.

Grand Total: 206 creatures vanquished

Notes
Turn   | Place    | Note
-------+----------+-------------------------------------------
     0 | D:1      | mopl the Palentonga Berserker began the quest for the Orb.
     0 | D:1      | Reached XP level 1. HP: 19/19 MP: 1/1
   236 | D:1      | Reached XP level 2. HP: 25/25 MP: 2/2
   508 | D:1      | Reached skill level 3 in Polearms
   687 | D:2      | Found Daweodoa's Antique Armour Emporium.
   841 | D:2      | Reached XP level 3. HP: 21/31 MP: 3/3
  1312 | D:2      | Noticed Natasha
  1319 | D:2      | Killed Natasha
  1319 | D:2      | Reached ** piety under Trog
  1320 | D:2      | Reached skill level 2 in Armour
  1320 | D:2      | Reached skill level 2 in Dodging
  1320 | D:2      | Reached XP level 4. HP: 37/37 MP: 4/4
  1468 | D:2      | Noticed Natasha
  1474 | D:2      | Killed Natasha
  2152 | D:2      | Noticed Natasha
  2161 | D:2      | Killed Natasha
  2162 | D:2      | Reached skill level 1 in Throwing
  2326 | D:3      | Reached skill level 1 in Evocations
  2405 | D:3      | Reached XP level 5. HP: 43/43 MP: 5/5
  2470 | D:3      | Found Ecifeneck's Vocational Training.
  2591 | D:3      | Reached skill level 4 in Polearms
  2655 | D:3      | Found a faded altar of an unknown god.
  2748 | D:3      | Noticed Grinder
  2758 | D:3      | Killed Grinder
  2759 | D:3      | Reached skill level 4 in Fighting
  2759 | D:3      | Reached XP level 6. HP: 50/51 MP: 6/6
  2967 | D:3      | Found a runed translucent door.
  2968 | D:3      | Noticed raistware's ghost (weakling OpCj)
  2972 | D:3      | Identified the +5 dagger of Xom's Grace {freeze, *Corrode
                  | rElec SInv}
  2987 | D:3      | Killed raistware's ghost
  3575 | D:4      | Reached skill level 2 in Evocations
  3575 | D:4      | Gained mutation: You curl defensively after being hit. (AC
                  | +7*) [Palentonga growth]
  3575 | D:4      | Reached XP level 7. HP: 57/57 MP: 7/7
  3655 | D:4      | Found a sand-covered staircase.
  3669 | D:4      | Reached skill level 2 in Throwing
  3675 | Ossuary  | Entered an ossuary
  3772 | Ossuary  | Reached skill level 5 in Polearms
  3772 | Ossuary  | Reached skill level 3 in Armour
  3772 | Ossuary  | Reached skill level 3 in Dodging
  4042 | Ossuary  | Reached XP level 8. HP: 60/65 MP: 8/8
  4903 | D:5      | Entered Level 5 of the Dungeon
  4916 | D:5      | Found a staircase to the Ecumenical Temple.
  4940 | D:5      | Reached skill level 3 in Evocations
  4995 | D:5      | Reached skill level 5 in Fighting
  5237 | D:5      | Found a one-way gate to the infinite horrors of the Abyss.
  5239 | D:5      | Found a corrupted altar of Lugonu.
  5589 | D:5      | Reached skill level 6 in Polearms
  5693 | D:5      | Reached skill level 3 in Throwing
  6119 | D:6      | Reached XP level 9. HP: 53/72 MP: 9/9
  6422 | D:6      | Reached skill level 4 in Armour
  6454 | D:6      | Reached skill level 4 in Dodging
  6550 | D:6      | Found a basalt altar of Yredelemnul.
  6712 | D:6      | Reached skill level 4 in Evocations
  6787 | D:6      | Reached *** piety under Trog
  6981 | D:6      | Reached skill level 7 in Polearms
  7257 | D:6      | Reached skill level 6 in Fighting
  7520 | D:6      | HP: 3/73 [iguana (6)]
  7982 | D:7      | Found a shimmering blue altar of Sif Muna.
  8375 | D:7      | Reached skill level 4 in Throwing
  8411 | D:7      | Found a flagged portal.
  8428 | Bailey   | Entered a bailey
  8434 | Bailey   | Reached XP level 10. HP: 36/81 MP: 10/10
  9202 | Bailey   | Slain by a gnoll sergeant

Illustrated notes

Levels and vault maps discovered:
D:1:      mrwooster_arrival_statue_3, layout_loops_ring,
          hangedman_feature_mirror
D:2:      layout_basic, serial_shops, shop_coins, uniq_natasha
D:3:      layout_basic, ebering_ghost_inner_flame,
          chequers_ecumenical_altar_simple, nicolae_shop_vocational,
          uniq_grinder
D:4:      layout_loops_ring, enter_ossuary_3
D:5:      layout_basic, minmay_temple_entry_mini_moons,
          chequers_serial_rivers_small_a, grunt_ministairs_7,
          amcnicky_altar_lugonu_corruption
D:6:      minmay_thinvault, layout_rooms, mainiacjoe_overflow_catwalk,
          serial_undead, serial_undead_a, serial_undead_e, serial_undead_b,
          serial_undead_a, serial_undead_a
D:7:      layout_basic, led_sif_book, enter_bailey_4
Bailey:   bailey_polearm_gnolls_kennysheep, bailey

Skill      XL: |  1  2  3  4  5  6  7  8  9 |
---------------+----------------------------+-----
Polearms       | 3 4 5 6 7 |  7.9
Armour         | 2 3 4 |  4.8
Dodging        | 2 3 4 |  4.9
Throwing       | 1 2 3 4 |  4.1
Evocations     | 1 2 3 4 |  4.9
Fighting       | 4 5 6 |  6.5

Action                   |  1- 3 |  4- 6 |  7- 9 | 10-12 || total
-------------------------+-------+-------+-------+-------++-------
Melee: Spear             |    89 |   129 |   673 |    89 ||   980
       Tailslap          |    12 |    13 |    91 |     6 ||   122
       Punch             |     1 |     1 |     6 |       ||     8
       Trident           |       |       |       |    44 ||    44
Throw: Boomerang         |       |       |     7 |       ||     7
       Dart              |       |       |     2 |     4 ||     6
       Throwing net      |       |       |       |     2 ||     2
Invok: Berserk           |       |     6 |    18 |     5 ||    29
       Trog's Hand       |       |     2 |     2 |       ||     4
Evoke: Wand              |       |       |     4 |     1 ||     5
  Use: Scroll            |       |       |     7 |       ||     7
 Stab: Paralysed         |       |       |     9 |     1 ||    10
       Held in net/web   |       |       |       |     2 ||     2
Armor: Chain mail        |    38 |    53 |   262 |    46 ||   399
       Animal skin       |     4 |       |       |       ||     4
Dodge: Dodged            |    24 |    21 |   160 |    35 ||   240
